 Dungeon Crawl Stone Soup version 0.19-a0-1072-g3763c35 (webtiles) character file.

24 Jmtri7 the Sneak (level 2, -1/14 HPs)
             Began as a Spriggan Assassin on Aug 5, 2016.
             Slain by a gnoll
             ... wielding a +0 whip
              (11 damage)
             ... on level 2 of the Dungeon.
             The game lasted 00:02:12 (722 turns).

Jmtri7 the Sneak (Spriggan Assassin)                 Turns: 722, Time: 00:02:13

Health: -1/14      AC:  3    Str:  7    XL:     2   Next: 79%
Magic:  3/3        EV: 17    Int: 12    God:
Gold:   59         SH:  0    Dex: 17    Spells: 0 memorised, 1 level left

rFire  . . .     SeeInvis +     a - +2 dagger
rCold  . . .     Gourm    .     c - +0 robe
rNeg   . . .     Faith    .     (shield restricted)
rPois  .         Spirit   .     (helmet restricted)
rElec  .         Dismiss  .     d - +0 cloak
rCorr  .         Reflect  .     (gloves unavailable)
SustAt .         Harm     .     (boots unavailable)
MR     .....                    (no amulet)
Stlth  ++++......               (no ring)
                                o - ring of see invisible

@: very quick
A: unfitting armour, see invisible, herbivore 3, speed 3, slow metabolism 2
a: no special abilities


You were on level 2 of the Dungeon.
You were not hungry.

You visited 1 branch of the dungeon, and saw 2 of its levels.

You collected 59 gold pieces.

Inventory:

Hand Weapons
 a - a +2 dagger (weapon)
 b - a +0 blowgun
Missiles
 e - 8 poisoned needles
 f - 2 curare-tipped needles
Armour
 c - a +0 robe (worn)
 d - a +0 cloak (worn)
Jewellery
 o - a ring of see invisible (left hand)
Scrolls
 i - 2 scrolls of enchant weapon {unknown}
 j - 4 scrolls of remove curse {unknown}
 m - a scroll of enchant armour {unknown}
Potions
 h - a potion of curing {unknown}
 k - 2 potions of ambrosia {unknown}
 l - a potion of brilliance {unknown}
 n - a potion of resistance {unknown}
 p - 2 potions of invisibility {unknown}
Comestibles
 g - 2 bread rations


   Skills:
 - Level 1.5 Fighting
 - Level 2.1 Short Blades
 - Level 2.0 Throwing
 - Level 1.5 Dodging
 + Level 7.3 Stealth


You had one spell level left.
You didn't know any spells.

Dungeon Overview and Level Annotations

Branches:
Dungeon (2/15)

Altars:
Ashenzari
Okawaru


Innate Abilities, Weirdness & Mutations

You are tiny and cannot use many weapons and most armour.
You have supernaturally acute eyesight. (SInv)
You are a herbivore.
You cover ground extremely quickly.
You need consume almost no food.


Message History

g - 2 bread rations (gained 1)
A worm comes into view.
A worm is nearby!
A kobold comes into view.
The helpless worm fails to defend itself.
You impale the worm!!
You kill the worm!
The kobold is too close now for your liking.
The helpless kobold fails to defend itself.
You impale the kobold!!
You kill the kobold!
Things that are here:
a stone; a kobold corpse
Found a ring mail.
A bat and a kobold come into view.
You hit the gnoll.
The gnoll is lightly wounded.
The gnoll hits you with a whip!
Ouch! That really hurt!
You die...

##...# #.# ....## #.#
##..# #.# #..########
#.# #.......(.# #.#
#..######.####.#####[#
#...#####............#
#
#......#######..#####
#.# #..........# ##@#
## #.# #.########.#
#g# #.# #.### #. ...
##.#.##...### #. .....
............ ..
.##..##.##.##.##.... .
#K #b.#........<.....
# #..# .##.##.##....
#..# .# #.g###...
.[....#g.###.#


You could see a gnoll, a bat and a kobold (sleeping).

Vanquished Creatures
  A worm (D:2)
  A giant gecko (D:1)
  A giant cockroach (D:1)
  A hobgoblin (D:1)
  A ball python (D:1)
  4 bats (D:1)
  2 giant newts
  4 goblins (D:1)
  2 kobolds
  5 rats (D:1)
22 creatures vanquished.

Notes
Turn   | Place    | Note
-------+----------+-------------------------------------------
     0 | D:1      | Jmtri7 the Spriggan Assassin began the quest for the Orb.
     0 | D:1      | Reached XP level 1. HP: 10/10 MP: 2/2
    71 | D:1      | Reached skill level 6 in Stealth
   285 | D:1      | Reached XP level 2. HP: 14/14 MP: 3/3
   339 | D:1      | Found a shattered altar of Ashenzari.
   444 | D:1      | Reached skill level 7 in Stealth
   614 | D:2      | Found an iron altar of Okawaru.
   722 | D:2      | Slain by a gnoll

Vault maps used:
D:1:      sevenhm_arrival_forest_fort_large_2, evilmike_ruin_ashenzari
D:2:      lemuel_doored_altar, nicolae_overflow_crystal_walls, first_bread,
          minmay_misc_feat_more_columns, kennysheep_generic_room_8, uniq_sigmund

Skill      XL: |  1  2 |
---------------+-------+-----
Stealth        | 6 7 |  7.3
Fighting       | |  1.5
Short Blades   | |  2.1
Throwing       | |  2.0
Dodging        | |  1.5

Action                   || total
-------------------------++-------
Melee: Dagger            ||    51
 Stab: Sleeping          ||    13
Armor: Robe              ||     4
Dodge: Dodged            ||    32
